 Dungeon Crawl Stone Soup version 0.21.1-1-g345015f (webtiles) character file.

653 Vesto the Cudgeler (level 7, 0/41 HPs)
             Began as a Gargoyle Skald on Mar 7, 2018.
             Was an Initiate of Vehumet.
             Slain by an orc
             ... wielding a +0 dagger
              (1 damage)
             ... on level 5 of the Dungeon.
             The game lasted 00:19:02 (5278 turns).

Vesto the Cudgeler (Gargoyle Skald)                 Turns: 5278, Time: 00:19:03

Health: 0/41       AC:  8    Str: 16      XL:     7   Next: 54%
Magic:  8/11       EV: 12    Int: 18 (20) God:    Vehumet [......]
Gold:   279        SH:  0    Dex:  9      Spells: 5/12 levels left

rFire    . . .     SeeInvis .   a - +0 mace
rCold    . . .     Gourm    .   (no shield)
rNeg     + . .     Faith    .   g - +0 leather armour
rPois    ∞         Spirit   .   (no helmet)
rElec    +         Reflect  .   (no cloak)
rCorr    .         Harm     .   (no gloves)
MR       .....                  (no boots)
Stlth    +.........             (no amulet)
HPRegen  0.13/turn              m - +4 ring of intelligence
MPRegen  0.12/turn              f - +2 ring of strength

@: infused
A: negative energy resistance 1, electricity resistance, unbreathing,
petrification resistance, rot immunity, AC +4
a: Renounce Religion


You were on level 5 of the Dungeon.
You worshipped Vehumet.
Vehumet was noncommittal.
You were not hungry.

You visited 2 branches of the dungeon, and saw 6 of its levels.
You also visited: Sewer.

You collected 279 gold pieces.

Inventory:

Hand Weapons
 a - a +0 mace (weapon)
 b - a +0 blowgun
Missiles
 h - 85 poisoned needles
 k - 5 curare-tipped needles
Armour
 g - a +0 leather armour (worn)
Jewellery
 f - a +2 ring of strength (right hand)
 m - a +4 ring of intelligence (left hand)
Scrolls
 i - 6 scrolls of remove curse
 j - 2 scrolls of identify
 n - a scroll of enchant armour {unknown}
 p - 2 scrolls of teleportation {unknown}
 q - a scroll of fear
Potions
 c - a potion of brilliance {unknown}
 e - 6 potions of flight
 o - a potion of curing
Books
 A - a book of Battle

   Spells                             Type                      Level
   a - Infusion                       Charms                       1
   b - Shroud of Golubria             Charms/Translocation         2
   c - Song of Slaying                Charms                       2
   d - Spectral Weapon                Hexes/Charms                 3
   e - Regeneration                   Charms/Necromancy            3
 B - a book of Minor Magic

   Spells                             Type                      Level
   a - Magic Dart                     Conjuration                  1
   b - Blink                          Translocation                2
   c - Call Imp                       Summoning                    2
   d - Slow                           Hexes                        2
   e - Conjure Flame                  Conjuration/Fire             3
   f - Mephitic Cloud                 Conjuration/Poison/Air       3
Comestibles
 d - 7 rations


   Skills:
 + Level 3.4 Fighting
 * Level 4.5 Maces & Flails
 * Level 3.4 Armour
 + Level 2.3 Dodging
 - Level 1.0 Stealth
 * Level 3.2 Spellcasting
 + Level 1.2 Conjurations
 * Level 1.5 Hexes
 + Level 3.7 Charms


You had 5 spell levels left.
You knew the following spells:

 Your Spells              Type           Power        Failure   Level  Hunger
a - Infusion              Chrm           ###.         4%          1    None
b - Spectral Weapon       Hex/Chrm       ##......     19%         3    ###....
c - Song of Slaying       Chrm           ###.....     6%          2    ##.....
d - Magic Dart            Conj           #...         12%         1    None


Dungeon Overview and Level Annotations

Branches:
Dungeon (5/15)             Temple (1/1) D:4

Altars:
Dithmenos
Elyvilon
Fedhas
Gozag
Kikubaaqudgha
Makhleb
Nemelex Xobeh
Qazlal
Sif Muna
Trog
Uskayaw
Vehumet
Wu Jian
Yredelemnul
Zin
The Shining One


Innate Abilities, Weirdness & Mutations

You are resistant to torment.
Your stone body is resilient. (AC +4)
You are immune to poison.
You resist negative energy. (rN+)
You are resistant to electric shocks. (rElec)
You can survive without breathing.
You are immune to petrification.
You are immune to rotting.


Message History

The orc hits you but does no damage. The orc closely misses you.
The orc hits you but does no damage.
All of the chunks of flesh in your inventory have rotted away.
You barely miss the orc priest.
The orc priest is severely wounded.
The orc priest hits you. The orc hits you with a whip.
The orc hits you with a dagger. The orc closely misses you.
You closely miss the orc priest.
The orc priest is severely wounded.
The orc priest invokes the aid of Beogh against you.
Beogh smites you!
* * * LOW HITPOINT WARNING * * *
The orc hits you with a whip.
* * * LOW HITPOINT WARNING * * *
The orc hits you but does no damage. x2
You hit the orc priest.
You kill the orc priest!
Vehumet accepts your kill. The orc closely misses you.
The orc hits you with a dagger.
You die...

...# ... .............o . .....
.. #...........# .. #..... .#
.. #...........# ... ..... ...
. #...........# ....
....#.#.##...# ..##.....
#....#.##...####........
#.......................
##+###o###...#.≈######## ..
#.o@†.....≈........ .. ##(
+...o......≈.≈.≈.≈. .. ....
#.......##≈........ .
......#.......##.≈#######
####+####....#.......##........
...........############........
...............................
..........##...........##......
..........##...............####


You could see 3 orcs.

Vanquished Creatures
  Grinder (D:5)
  A big kobold (Sewer)
  A howler monkey (D:5)
  An orc priest (D:5)
  2 iguanas
  2 worker ants (D:4)
  A worker ant zombie (D:5)
  3 gnolls (D:2)
  4 adders
  4 river rats (Sewer)
  2 adder skeletons (D:4)
  5 dart slugs
  2 worms (D:4)
  2 leopard geckos
  6 orcs
  A ball python (D:2)
  4 bats
  10 giant cockroaches
  6 hobgoblins
  3 jackals
  21 kobolds
  3 quokkas
  7 frilled lizards
  14 rats
106 creatures vanquished.

Vanquished Creatures (others)
  A bat (D:1)
1 creature vanquished.

Grand Total: 107 creatures vanquished

Notes
Turn   | Place    | Note
-------+----------+-------------------------------------------
     0 | D:1      | Vesto the Gargoyle Skald began the quest for the Orb.
     0 | D:1      | Reached XP level 1. HP: 12/12 MP: 3/3
   130 | D:2      | Reached XP level 2. HP: 10/17 MP: 1/5
   362 | D:2      | Reached XP level 3. HP: 11/22 MP: 1/6
   964 | D:3      | Reached skill level 3 in Maces & Flails
   964 | D:3      | Reached XP level 4. HP: 17/27 MP: 3/7
   982 | D:3      | Found a stormy altar of Qazlal.
  1070 | D:3      | Found an opulent altar of Gozag.
  1251 | D:3      | Found a glowing drain.
  1280 | Sewer    | Entered a sewer
  1300 | Sewer    | Reached XP level 5. HP: 15/32 MP: 0/8
  1661 | Sewer    | Noticed a big kobold
  1717 | Sewer    | Killed a big kobold
  2007 | Sewer    | Found a white marble altar of Elyvilon.
  2169 | D:4      | Reached XP level 6. HP: 34/37 MP: 9/9
  2179 | D:4      | Learned a level 3 spell: Spectral Weapon
  2182 | D:4      | Learned a level 2 spell: Song of Slaying
  2185 | D:4      | Found a staircase to the Ecumenical Temple.
  2192 | Temple   | Entered the Ecumenical Temple
  2426 | D:4      | Reached skill level 4 in Maces & Flails
  2526 | D:2      | Reached skill level 1 in Stealth
  3133 | D:1      | You fall through a shaft!
  3749 | D:3      | Found a faded altar of an unknown god.
  4198 | D:5      | Entered Level 5 of the Dungeon
  4307 | D:4      | Learned a level 1 spell: Magic Dart
  4616 | Temple   | Became a worshipper of Vehumet
  4709 | D:4      | Found an ornate altar of the Wu Jian Council.
  5037 | D:5      | Noticed Grinder
  5056 | D:5      | Paralysed by Grinder for 4 turns
  5070 | D:5      | Paralysed by Grinder for 5 turns
  5076 | D:5      | Paralysed by Grinder for 6 turns
  5083 | D:5      | Paralysed by Grinder for 3 turns
  5087 | D:5      | Killed Grinder
  5087 | D:5      | Reached skill level 1 in Conjurations
  5087 | D:5      | Reached skill level 1 in Hexes
  5087 | D:5      | Reached XP level 7. HP: 16/41 MP: 4/11
  5277 | D:5      | HP: 2/41 [orc priest/divine providence (15)]
  5278 | D:5      | Slain by an orc

Skill      XL: |  1  2  3  4  5  6 |
---------------+-------------------+-----
Charms         | 3 |  3.7
Maces & Flails | 3 4 |  4.5
Armour         | 2 3 |  3.4
Fighting       | 3 |  3.4
Dodging        | 2 |  2.3
Stealth        | 1 |  1.0
Spellcasting   | 3 |  3.2
Conjurations   | 1 |  1.2
Hexes          | 1 |  1.5

Action                   |  1- 3 |  4- 6 |  7- 9 || total
-------------------------+-------+-------+-------++-------
Melee: Mace              |    77 |   330 |    31 ||   438
 Fire: Blowgun           |       |     3 |       ||     3
 Cast: Infusion          |    13 |    22 |     3 ||    38
       Magic Dart        |       |    15 |       ||    15
  Use: Scroll            |     1 |     3 |       ||     4
       Potion            |       |     6 |     1 ||     7
 Stab: Distracted        |       |     1 |       ||     1
       Sleeping          |       |     1 |       ||     1
  Eat: Chunk             |     1 |    10 |     1 ||    12
       Ration            |       |     1 |       ||     1
Armor: Leather armour    |    41 |   156 |    18 ||   215
       Skin              |       |    30 |       ||    30
Dodge: Dodged            |    63 |   249 |    28 ||   340
